 Dungeon Crawl Stone Soup version 0.27.1-33-g824d729ab1 (webtiles) character file.

Game seed: 5986432810959804758

3809 unlimited1921 the Blocker (level 9, 0/79 (82) HPs)
             Began as a Minotaur Fighter on Dec 31, 2021.
             Was an Initiate of Gozag.
             Slain by a shadow (27 damage)
             ... on level 1 of the Abyss.
             The game lasted 00:37:16 (10815 turns).

unlimited1921 the Blocker (Minotaur Fighter)       Turns: 10815, Time: 00:37:17

HP:   0/79 (82)     AC:  9    Str: 24    XL:     9   Next: 96%
MP:   8/8           EV: 12    Int: 13    God:    Gozag
Gold: 546           SH: 27    Dex: 16    Spells: 8/8 levels left

rFire    . . .     SeeInvis .   a - +0 war axe
rCold    x . .     Faith    .   k - +9 tower shield of Bein {rElec rC- Int+8}
rNeg     . . .     Spirit   .   b - +0 scale mail
rPois    .         Reflect  .   (helmet restricted)
rElec    +         Harm     .   L - +0 cloak
rCorr    .         Rampage  .   (no gloves)
Will     .....                  (no boots)
Stlth    ..........             (no amulet)
HPRegen  0.23/turn              j - +4 ring of evasion
MPRegen  0.11/turn              Y - +6 ring of dexterity

@: lightly drained
A: horns 2, retaliatory headbutt
a: Renounce Religion, Potion Petition, Call Merchant, Bribe Branch


You were on level 1 of the Abyss.
You worshipped Gozag.
Gozag was pleased with you.
You visited 1 branch of the dungeon, and saw 7 of its levels.
You visited the Abyss 1 time.

You collected 601 gold pieces.
You paid 55 gold pieces to Gozag.

Inventory:

Hand Weapons
 a - a +0 war axe (weapon)
 e - a +1 short sword of distortion
 y - a +1 rapier of distortion
 z - a +2 falchion of electrocution
 D - a +2 spear of freezing
 F - a +0 whip of distortion
 G - a +1 dagger of venom
 O - a +5 dagger
 P - a +0 vorpal spear
 Q - a +2 whip of distortion
 Z - a +0 short sword of distortion
Missiles
 g - a curare-tipped dart (quivered)
 i - 80 bolts
 t - 5 boomerangs
 A - 6 silver javelins
 B - 202 stones
 E - 69 poisoned darts
Armour
 b - a +0 scale mail (worn)
 c - a +1 kite shield
 k - the +9 tower shield of Bein (worn) {rElec rC- Int+8}
   (You acquired it on level 3 of the Dungeon)

   Int:       It affects your intelligence (+8).
   rC:        It makes you vulnerable to cold.
   rElec:     It insulates you from electricity.
 w - a +0 chain mail
 L - a +0 cloak (worn)
Jewellery
 j - a +4 ring of evasion (left hand)
 r - a ring of resist corrosion
 v - a ring of fire
 Y - a +6 ring of dexterity (right hand)
Wands
 n - a wand of iceblast (6)
 J - a wand of paralysis (18)
 W - a wand of charming (4)
Scrolls
 f - a scroll of blinking
 p - a scroll of fear {unknown}
 s - a scroll of vulnerability
 H - 2 scrolls of immolation
 K - a scroll of teleportation
 S - a scroll of silence {unknown}
 T - a scroll of noise
 U - a scroll of fog
 X - a scroll of identify
Potions
 d - a potion of might
 h - 2 potions of curing
 l - 2 potions of lignification {unknown}
 m - 2 potions of berserk rage {unknown}
 o - a potion of invisibility
 q - 2 potions of heal wounds {unknown}
 u - 2 potions of magic {unknown}
 x - 2 potions of degeneration {unknown}
 C - a potion of flight {unknown}
 M - 2 potions of mutation {unknown}
 N - a potion of attraction {unknown}
 R - a potion of cancellation
 V - 2 potions of brilliance {unknown}


   Skills:
 * Level 8.4 Fighting
 + Level 9.1 Axes
 + Level 1.8 Throwing
 + Level 7.8 Armour
 + Level 3.2 Dodging
 + Level 0.7 Stealth
 * Level 10.1 Shields


You had 8 spell levels left.
You didn't know any spells.
Your spell library contained the following spells:

 Spells                   Type           Power      Damage    Failure   Level
 Sting                    Tmut/Pois      0%         1d3       99%         1
 Poisonous Vapours        Pois/Air       0%         N/A       100%        2
 Slow                     Hex            0%         N/A       100%        2
 Confusing Touch          Hex            0%         N/A       100%        3
 Vampiric Draining        Necr           0%         2d6       100%        3
 Olgreb's Toxic Radiance  Pois           0%         N/A       100%        4


Dungeon Overview and Level Annotations

Branches:
Dungeon (7/15)             Temple (0/1) D:7

Altars:
Cheibriados
Elyvilon
Gozag
Kikubaaqudgha
Makhleb
Ru
Trog
Wu Jian
Lugonu

Shops:
D:1 :

Portals:
Abyss: D:7


Innate Abilities, Weirdness & Mutations

You have a pair of horns on your head.
You reflexively headbutt those who attack you in melee.


Message History

The shadow is lightly damaged.
The shadow hits you!
You barely miss the shadow.
The shadow is lightly damaged.
You block the shadow's attack. x2
You slash the shadow! Your headbutt misses the shadow.
The shadow is moderately damaged.
The shadow slips into darkness.
The shadow flickers and vanishes!
Deactivating autopickup; reactivate with Ctrl-A.
You hit something but do no damage. You headbutt something.
The shadow strikes at you from the darkness! x2
You barely miss something. You headbutt something.
The shadow strikes at you from the darkness!
Reactivating autopickup.
The shadow slips into darkness.
The shadow flickers and vanishes!
Deactivating autopickup; reactivate with Ctrl-A.
As you read the scroll of identify, it crumbles to dust.
h - 3 potions of curing You feel better.
The shadow strikes at you from the darkness!
Reactivating autopickup.
Aiming: Paralyse
Press: ? - help, Q - select action, (/) - cycle Shift-Dir - straight line, f - shadow
Aim: a shadow (moderately damaged, chance to affect: 28%)
The shadow easily resists.
You block the shadow's attack.
Throw: throwing net
Press: ? - help, Q - select action, (/) - cycle Shift-Dir - straight line, f/p - shadow
Aim: a shadow (moderately damaged, 64% to hit, immune to nets)
You throw a throwing net. The throwing net hits the shadow.
The net passes right through the shadow!
The shadow is moderately damaged.
The shadow slips into darkness.
The shadow flickers and vanishes!
Deactivating autopickup; reactivate with Ctrl-A.
The shadow strikes at you from the darkness!
You die...
Your body crumbles into a pile of gold.

# . .> . .. ..
. . .# #. . .
## #. ..## #..
. #.##..#
..#.##### ## .
.#. ...
.#...$###..#.
.# .
....##(#.....
##.
#.#.$#...... #
. ##
###@........ #
.#
####...####.#.
# .#.# #.####
.. #
.#..#..##...#
. . .#..#
##.)..# # ##
#...# .. ##.##
..#. ###


There were no monsters in sight!

Vanquished Creatures
  Pikel (D:7)
  Grinder (D:5)
  Sigmund (D:6)
  2 water moccasins
  Duvessa (D:6)
  An ice beast (D:7)
  A black bear (D:7)
  An ogre (D:5)
  A centaur (D:6)
  A phantom (D:5)
  The ghost of Kimberly the Shooter, an amateur HuHu of Xom (D:3)
  Blork the orc (D:5)
  3 kobold brigands
  2 scorpions
  The ghost of lordive the Chucker, a weakling OgHu (D:3)
  Dowan (D:6)
  6 killer bees (D:5)
  7 wights
  4 howler monkeys
  4 jellies
  2 gnoll shamans
  2 hounds
  An orc priest (D:3)
  2 iguanas
  2 bullfrog skeletons (D:6)
  Natasha (thrice) (D:3)
  Terence (D:3)
  An orc wizard (D:3)
  A killer bee zombie (D:7)
  Robin (D:3)
  9 adders
  28 gnolls
  A howler monkey zombie (D:5)
  A white imp (D:6)
  An ufetubus (D:6)
  An adder skeleton (D:4)
  3 worms
  A dart slug (D:4)
  21 orcs
  6 endoplasms
  3 giant cockroaches
  15 goblins
  7 hobgoblins
  21 jackals
  3 quokkas
  6 ball pythons
  5 bats
  A frilled lizard (D:3)
  9 kobolds
  4 rats
203 creatures vanquished.

Vanquished Creatures (others)
  3 plants (D:3)
3 creatures vanquished.

Grand Total: 206 creatures vanquished

Notes
Turn   | Place    | Note
-------+----------+-------------------------------------------
     0 | D:1      | unlimited1921 the Minotaur Fighter began the quest for the
                  | Orb.
     0 | D:1      | Reached XP level 1. HP: 19/19 MP: 0/0
   442 | D:1      | Reached skill level 4 in Shields
   442 | D:1      | Reached XP level 2. HP: 27/27 MP: 1/1
   713 | D:1      | Found Upler's Book Shop.
  1061 | D:1      | Found a faded altar of an unknown god.
  1375 | D:2      | Reached XP level 3. HP: 32/33 MP: 2/2
  1502 | D:2      | Found a bloodstained altar of Trog.
  2017 | D:3      | Reached XP level 4. HP: 40/40 MP: 3/3
  2057 | D:3      | Found a runed translucent gate.
  2057 | D:3      | Found a runed translucent gate.
  2057 | D:3      | Found a runed translucent gate.
  2057 | D:3      | Noticed lordive's ghost (weakling OgHu)
  2057 | D:3      | Noticed Kimberly's ghost (amateur HuHu)
  2071 | D:3      | Reached skill level 1 in Dodging
  2197 | D:3      | Noticed Natasha
  2209 | D:3      | Killed Natasha
  2210 | D:3      | Reached XP level 5. HP: 10/47 MP: 4/4
  2478 | D:3      | Reached skill level 5 in Armour
  2770 | D:3      | Reached XP level 6. HP: 50/53 MP: 5/5
  2832 | D:3      | Noticed Natasha
  2846 | D:3      | Killed Natasha
  2847 | D:3      | Reached skill level 5 in Axes
  3879 | D:3      | Reached skill level 5 in Fighting
  3879 | D:3      | Reached skill level 1 in Throwing
  4081 | D:3      | Reached XP level 7. HP: 31/61 MP: 6/6
  4353 | D:3      | Reached skill level 5 in Shields
  4494 | D:3      | Noticed Natasha
  4496 | D:3      | Killed Natasha
  4540 | D:3      | Noticed Robin
  4543 | D:3      | Noticed Terence
  4556 | D:3      | Killed Robin
  4566 | D:3      | Killed Terence
  5494 | D:3      | Killed Kimberly's ghost
  5505 | D:3      | Killed lordive's ghost
  6116 | D:3      | Identified a scroll of acquirement
  6116 | D:3      | Acquired the +9 tower shield of Bein {rElec rC- Int+8}
  6374 | D:4      | You fall into a shaft and drop 2 floors!
  6418 | D:6      | Found an ornate altar of the Wu Jian Council.
  6432 | D:6      | Found a white marble altar of Elyvilon.
  6517 | D:6      | Reached XP level 8. HP: 56/70 MP: 7/7
  6742 | D:6      | Noticed Dowan
  6742 | D:6      | Noticed Duvessa
  6752 | D:6      | Killed Dowan
  6759 | D:6      | Killed Duvessa
  7004 | D:6      | Reached skill level 6 in Shields
  7223 | D:6      | Found a snail-covered altar of Cheibriados.
  7227 | D:6      | Noticed Sigmund
  7259 | D:6      | Killed Sigmund
  7485 | D:6      | Found an opulent altar of Gozag.
  7493 | D:6      | Became a worshipper of Gozag Ym Sagoz the Greedy
  7649 | D:5      | Entered Level 5 of the Dungeon
  7971 | D:5      | Noticed Grinder
  7976 | D:5      | Paralysed by Grinder for 2 turns
  7980 | D:5      | Killed Grinder
  7981 | D:5      | Reached skill level 7 in Shields
  7981 | D:5      | Reached XP level 9. HP: 55/79 MP: 8/8
  8472 | D:5      | Noticed Blork the orc
  8481 | D:5      | Killed Blork the orc
  8604 | D:5      | Reached skill level 8 in Shields
  8797 | D:5      | Found an ancient bone altar of Kikubaaqudgha.
  9253 | D:4      | Found a burning altar of Makhleb.
  9278 | D:4      | Noticed a blizzard demon
  9281 | D:4      | Noticed a smoke demon
  9281 | D:4      | Noticed a smoke demon
  9671 | D:7      | Noticed Pikel
  9698 | D:7      | Killed Pikel
  9699 | D:7      | Reached skill level 9 in Shields
  9778 | D:7      | Found a staircase to the Ecumenical Temple.
  9784 | D:7      | Identified the +4 halberd of Giech {vorpal, Str+2}
  9831 | D:7      | Found a one-way gate to the infinite horrors of the Abyss.
 10005 | D:7      | Found a large runed translucent door.
 10007 | D:7      | Found a large runed translucent door.
 10011 | D:7      | Found a corrupted altar of Lugonu.
 10292 | D:7      | Found a sacrificial altar of Ru.
 10561 | D:7      | Reached skill level 10 in Shields
 10741 | D:7      | Voluntarily entered the Abyss.
 10815 | Abyss:1  | Slain by a shadow

Illustrated notes

Levels and vault maps discovered:
D:1:      amcnicky_arrival_flooded_fountain, layout_basic, serial_shops, shop,
          ebering_ecumenical_altar_petrified, glass_columns_b
D:2:      layout_basic, basic_altar, minmay_heptomino_d4
D:3:      lemuel_castle_with_subvaults [lemuel_castle_interior_carwin_2],
          layout_loops_ring, gammafunk_ghost_cemetery, uniq_terence, uniq_robin,
          uniq_natasha
D:4:      layout_rooms, makhleb_altar_promises_db
D:5:      layout_layer_cave, kiku_gazebo_pond_becter, uniq_grinder,
          uniq_blork_the_orc
D:6:      layout_gridville, kennysheep_mini_moat,
          mainiacjoe_overflow_catwalk_spiral, nicolae_gozag_seed_capital,
          uniq_duvessa, uniq_sigmund
D:7:      due_chaos_kobolds, layout_loops_ring, nicolae_ru_sacrificial_ziggurat,
          minmay_temple_entry_large_hall, uniq_pikel
Abyss:1:  base:
D:1

Skill      XL: |  1  2  3  4  5  6  7  8  9 |
---------------+----------------------------+-----
Shields        | 4 5 7 10 | 10.1
Armour         | 4 5 6 7 |  7.8
Fighting       | 4 5 6 7 8 |  8.4
Axes           | 3 4 5 6 8 9 |  9.1
Dodging        | 1 2 3 |  3.2
Throwing       | 1 |  1.8
Stealth        | |  0.7

Action                   |  1- 3 |  4- 6 |  7- 9 || total
-------------------------+-------+-------+-------++-------
Melee: War axe           |    66 |   114 |   419 ||   599
       Headbutt          |    11 |    19 |    85 ||   115
Throw: Stone             |       |    61 |       ||    61
       Javelin           |       |     6 |     6 ||    12
       Throwing net      |       |     2 |     1 ||     3
       Dart              |       |       |     1 ||     1
Evoke: Wand              |       |       |     1 ||     1
  Use: Potion            |       |     1 |     1 ||     2
       Scroll            |       |       |    10 ||    10
Armor: Scale mail        |    23 |    51 |    73 ||   147
Dodge: Dodged            |    27 |   100 |   114 ||   241
Block: Kite shield       |    25 |    94 |    42 ||   161
       Tower shield      |       |       |   446 ||   446
